 Dungeon Crawl Stone Soup version 0.27.1 (webtiles) character file.

Game seed: 10333054845095578275

584 bnorton916 the Conjurer (level 7, 0/36 HPs)
             Began as a Deep Elf Conjurer on Aug 30, 2021.
             Hit by a goblin thrown by Robin (2 damage)
             ... on level 4 of the Dungeon.
             The game lasted 00:04:51 (3709 turns).

bnorton916 the Conjurer (Deep Elf Conjurer)         Turns: 3709, Time: 00:04:52

Health: 0/36       AC:  3    Str:  4    XL:     7   Next: 14%
Magic:  17/26      EV: 13    Int: 25    God:
Gold:   95         SH:  0    Dex: 13    Spells: 5/16 levels left

rFire    . . .     SeeInvis .   (no weapon)
rCold    + . .     Faith    .   (no shield)
rNeg     . . .     Spirit   .   a - +0 robe
rPois    .         Reflect  .   (no helmet)
rElec    .         Harm     .   (no cloak)
rCorr    .         Rampage  .   (no gloves)
Will     .....                  r - +0 pair of boots {Stlth+}
Stlth    +++.......             (no amulet)
HPRegen  0.12/turn              c - ring of protection from cold
MPRegen  0.20/turn              g - ring of magical power

@: hasted, very quick
A: no striking features
a: no special abilities


You were on level 4 of the Dungeon.
You visited 1 branch of the dungeon, and saw 4 of its levels.

You collected 95 gold pieces.

Inventory:

Hand Weapons
 s - a +2 dagger of chaos
Missiles
 h - 62 stones
 p - 3 throwing nets
Armour
 a - a +0 robe (worn)
 r - a +0 pair of boots of stealth (worn)
 t - a +0 buckler
Jewellery
 c - a ring of protection from cold (left hand)
 g - a ring of magical power (right hand)
 m - an amulet of faith
 n - a ring of protection from fire
 o - a ring of fire
Scrolls
 e - a scroll of teleportation {unknown}
 f - a scroll of immolation
 i - 2 scrolls of noise {unknown}
 k - a scroll of identify
Potions
 d - a potion of magic {unknown}
 j - a potion of heal wounds {unknown}
 l - a potion of curing {unknown}
 q - a potion of mutation {unknown}


   Skills:
 + Level 2.3 Armour
 + Level 4.4 Dodging
 - Level 2.4 Stealth
 + Level 0.0 Shields
 - Level 5.4 Spellcasting
 - Level 6.3 Conjurations
 + Level 2.4 Hexes
 + Level 2.1 Translocations


You had 5 spell levels left.
You knew the following spells:

 Your Spells              Type           Power      Damage    Failure   Level
a - Magic Dart            Conj           100%       1d8       1%          1
b - Searing Ray           Conj           76%        3d6       1%          2
c - Fulminant Prism       Conj/Hex       14%        3d9       13%         4
d - Iskenderun's Mystic   Conj/Tloc      27%        2d7       14%         4

Your spell library contained the following spells:

 Spells                   Type           Power      Damage    Failure   Level
 Dazzling Flash           Conj/Hex       56%        N/A       3%          3


Dungeon Overview and Level Annotations

Branches:
Dungeon (4/15)
 Temple: D:4-7

Altars:
Okawaru
Xom

Annotations:
D:4 Robin


Message History

Unknown command.
Unknown command.
The goblin closely misses you.
Found a scroll labelled FUSAUTRE HUDI.
The goblin unwields a +0 club.
The goblin wields a +0 hunting sling.
The goblin shoots a stone.
The stone misses you.
The goblin unwields a +0 club.
The goblin wields a +0 hunting sling.
The goblin shoots a stone.
The stone hits you but does no damage. The goblin hits you with a +0 dagger.
The goblin shoots a stone.
The stone hits you. Robin throws the goblin at you!
The goblin hits you with a +0 dagger.
Really attack while wielding nothing? [Y]es or [N]o only, please.
Really attack while wielding nothing? [Y]es or [N]o only, please.
Really attack while wielding nothing?
Okay, then.
The goblin shoots a stone.
The stone hits you. The hobgoblin barely misses you.
The goblin hits you with a +0 dagger.
* * * LOW HITPOINT WARNING * * *
The goblin shoots a stone.
The stone barely misses you.
As you read the scroll labelled DEFACWORUF, it crumbles to dust.
The creatures around you are filled with an inner flame!
It was a scroll of immolation.
The hobgoblin barely misses you.
A necrophage comes into view.
The goblin unwields a +0 hunting sling.
The goblin wields a +0 club.
The goblin hits you but does no damage.
As you read the scroll labelled FETEEMOQOCA, it crumbles to dust.
It is a scroll of identify.
b - a potion of haste The goblin unwields a +0 hunting sling.
The goblin wields a +0 club.
The goblin barely misses you.
The hobgoblin hits you but does no damage.
Robin hits you with a +0 club.
* * * LOW HITPOINT WARNING * * *
You feel yourself speed up. The goblin hits you with a +0 club.
* * * LOW HITPOINT WARNING * * *
The hobgoblin completely misses you. The goblin closely misses you.
Robin throws the goblin at you!
You die...

#. ... #.. #..
#)####
##.n.(#####...
#.)........?..
##)..gg####...
#...g@##
#...gg.#
#......##
#.......#
##......##
##......#
##.....#####
#......#..#
##.....#.##


You could see a necrophage, Robin (inner flame), a hobgoblin (inner flame,
strong) and 3 goblins.

Vanquished Creatures
  Sigmund (D:2)
  A necrophage (D:2)
  4 crimson imps (D:3)
  An orc priest (D:3)
  4 gnolls (D:3)
  5 adders
  A worm (D:2)
  9 orcs (D:3)
  7 endoplasms
  7 giant cockroaches
  6 hobgoblins
  4 jackals (D:1)
  4 kobolds
  2 quokkas
  6 ball pythons
  A frilled lizard (D:2)
  12 goblins
  5 rats
80 creatures vanquished.

Notes
Turn   | Place    | Note
-------+----------+-------------------------------------------
     0 | D:1      | bnorton916 the Deep Elf Conjurer began the quest for the
                  | Orb.
     0 | D:1      | Reached XP level 1. HP: 10/10 MP: 6/6
   349 | D:1      | Reached XP level 2. HP: 15/15 MP: 1/8
  1279 | D:2      | Reached skill level 5 in Conjurations
  1279 | D:2      | Reached XP level 3. HP: 19/19 MP: 10/10
  1282 | D:2      | Learned a level 2 spell: Searing Ray
  1435 | D:2      | Noticed a necrophage
  1442 | D:2      | Killed a necrophage
  1443 | D:2      | Reached skill level 5 in Spellcasting
  1443 | D:2      | Reached XP level 4. HP: 13/24 MP: 8/13
  1602 | D:2      | Reached XP level 5. HP: 28/28 MP: 14/14
  1732 | D:2      | Found a faded altar of an unknown god.
  1732 | D:2      | Noticed Sigmund
  1737 | D:2      | Killed Sigmund
  1738 | D:2      | Reached skill level 1 in Armour
  1738 | D:2      | Reached skill level 6 in Conjurations
  1738 | D:2      | Reached XP level 6. HP: 32/32 MP: 16/16
  1996 | D:2      | Learned a level 4 spell: Fulminant Prism
  2001 | D:2      | Learned a level 4 spell: Iskenderun's Mystic Blast
  2434 | D:3      | Found an iron altar of Okawaru.
  2514 | D:3      | Reached skill level 1 in Hexes
  2661 | D:3      | Reached skill level 1 in Translocations
  2896 | D:3      | Found a shimmering altar of Xom.
  3007 | D:3      | Reached XP level 7. HP: 36/36 MP: 17/17
  3694 | D:4      | Noticed Robin
  3709 | D:4      | Hit by a goblin thrown by Robin

Illustrated notes

Levels and vault maps discovered:
D:1:      wander_arrival_desolate, layout_basic
D:2:      layout_rooms, shapermc_ecumenical_altar_venn, nrook_mini_vaults,
          uniq_sigmund
D:3:      layout_basic, led_xom_imps, okawaru_metal_pillars_1_2
D:4:      layout_cave_pods, kennysheep_little_box, minmay_misc_feat_pillars,
          uniq_robin

Skill      XL: |  1  2  3  4  5  6  7 |
---------------+----------------------+-----
Spellcasting   | 4 5 |  5.4
Conjurations   | 5 6 |  6.3
Armour         | 1 2 |  2.3
Dodging        | 3 4 |  4.4
Hexes          | 2 |  2.4
Translocations | 1 2 |  2.1
Stealth        | |  2.4

Action                   |  1- 3 |  4- 6 |  7- 9 || total
-------------------------+-------+-------+-------++-------
Melee: Unarmed           |     1 |       |       ||     1
 Cast: Magic Dart        |    61 |    63 |    24 ||   148
       Searing Ray       |     1 |     8 |     2 ||    11
  Use: Scroll            |       |       |     2 ||     2
       Potion            |       |       |     1 ||     1
Armor: Robe              |     2 |     3 |     8 ||    13
Dodge: Dodged            |    26 |     3 |    12 ||    41
